 Dungeon Crawl Stone Soup version 0.32-a0-732-ga344392067 (webtiles) character file.

Game seed: 1187500272547477388

29 timneilson the Sneak (level 3, -1/20 HPs)
             Began as a Kobold Enchanter on Mar 16, 2024.
             Slain by an adder (3 damage)
             ... on level 2 of the Dungeon.
             The game lasted 00:02:52 (1002 turns).

timneilson the Sneak (Kobold Enchanter)             Turns: 1002, Time: 00:02:53

Health: -1/20      AC:  3    Str:  5    XL:     3   Next: 32%
Magic:  6/6        EV: 14    Int: 16    God:
Gold:   102        SH:  0    Dex: 17    Spells: 6/6 levels left

rFire   . . .        a - +1 dagger
rCold   . . .        (no shield)
rNeg    . . .        b - +0 robe
rPois   .            (no helmet)
rElec   .            d - +0 cloak
rCorr   .            (no gloves)
SInv    .            (no boots)
Will    .....        (no amulet)
Stlth   ++++         (no ring)
HPRegen 0.23/turn    (no ring)
MPRegen 0.10/turn

%: no passive effects
@: lethally poisoned (-1 -> -2)
A: small, no large weapons, nightstalker 3
a: no special abilities


You were on level 2 of the Dungeon.
You visited 1 branch of the dungeon, and saw 2 of its levels.

You collected 102 gold pieces.

Inventory:

Hand Weapons
 a - a +1 dagger (weapon)
Missiles
 j - 3 poisoned darts (quivered)
Armour
 b - a +0 robe (worn)
 d - a +0 cloak (worn)
Potions
 c - 2 potions of invisibility
 e - a potion of attraction {unknown}
 f - 3 potions of curing
 i - a potion of berserk rage {unknown}


   Skills:
 + Level 0.7 Fighting
 * Level 2.3 Short Blades
 + Level 0.4 Throwing
 + Level 0.5 Armour
 * Level 3.0 Dodging
 + Level 4.2 Stealth
 - Level 2.1 Spellcasting
 - Level 3.0 Hexes


You had 6 spell levels left.
You didn't know any spells.
Your spell library contained the following spells:

 Spells                   Type           Power      Damage    Failure   Level
 Ensorcelled Hibernation  Hex/Ice        12%        N/A       17%         2
 Confusing Touch          Hex            11%        N/A       19%         3
 Tukima's Dance           Hex            11%        N/A       19%         3
 Static Discharge         Conj/Air       2%         3-4/arc   30%         2
 Dazzling Flash           Conj/Hex       12%        N/A       32%         3
 Airstrike                Air            0%         2d(1-17)  90%         4
 Summon Lightning Spire   Summ/Air       1%         N/A       90%         4


Dungeon Overview and Level Annotations

Branches:
Dungeon (2/15)

Altars:


Innate Abilities, Weirdness & Mutations

You are small and have problems with some larger weapons.
You are completely attuned to the shadows.


Message History

A gnoll comes into view.
It is wielding a +0 club. 2 gnolls and an adder come into view.
There is an open door here.
The helpless gnoll fails to defend itself.
You impale the gnoll!!
You kill the gnoll!
The gnoll shouts! x2
Your Dodging skill increases to level 3!
You have reached level 3!
Your experience leads to an increase in your attributes!
Increase (S)trength, (I)ntelligence, or (D)exterity?
You feel agile. x2
The adder attacks as it pursues you! The adder closely misses you.
The adder attacks as it pursues you! The adder bites you but does no damage.
You hit the adder but do no damage. The adder barely misses you.
You hit the adder but do no damage. The adder bites you.
The adder barely misses you.
You hit the adder.
The adder is lightly wounded.
The adder completely misses you.
You miss the adder.
The adder is lightly wounded.
The adder bites you.
You are poisoned.
The adder poisons you!
You feel sick. The adder attacks as it pursues you!
The adder bites you but does no damage.
You feel sick. The adder attacks as it pursues you! The adder bites you.
You are more poisoned.
The adder poisons you!
You feel sick. The adder barely misses you.
You feel sick. The adder attacks as it pursues you! The adder bites you.
* * * LOW HITPOINT WARNING * * *
* * * LOW HITPOINT WARNING * * *
You feel sick.
* * * LOW HITPOINT WARNING * * *
You feel sick. The adder attacks as it pursues you! The adder misses you.
* * * LOW HITPOINT WARNING * * *
You feel sick. The adder bites you.
You die...

#.# ######.#
......#....
####.##.#....
#..g..g.+....
#.##.##g#....
#.##.##......
#g##.##S#####
#.##.##@#
#'##.##.#
##########
...g...S.#.#
#.........
.........#.#
#.#######.
.........#.#
#.....# #.
.........#.#
#..##.# #.
#.# #..##.#
#.
#........#.#
#..##.# ##
#........#.#
#..##.#


You could see 2 gnolls and an adder.

Vanquished Creatures
  A gnoll (D:2)
  3 endoplasms
  2 giant cockroaches
  3 hobgoblins
  A quokka (D:2)
  A ball python (D:1)
  A frilled lizard (D:1)
  5 kobolds
  A rat (D:1)
18 creatures vanquished.

Notes
Turn   | Place    | Note
-------+----------+-------------------------------------------
     0 | D:1      | timneilson the Kobold Enchanter began the quest for the
                  | Orb.
     0 | D:1      | Reached XP level 1. HP: 10/10 MP: 3/3
    57 | D:1      | Reached XP level 2. HP: 11/15 MP: 5/5
   986 | D:2      | Reached XP level 3. HP: 20/20 MP: 6/6
  1002 | D:2      | Slain by an adder

Illustrated notes

Levels and vault maps discovered:
D:1:      minmay_arrival_four_houses, layout_rooms, minmay_quantized
D:2:      layout_basic, nicolae_twisty_statue_hallways

Skill      XL: |  1  2 |
---------------+-------+-----
Short Blades   | 2 |  2.3
Dodging        | 3 |  3.0
Fighting       | |  0.7
Throwing       | |  0.4
Armour         | |  0.5
Stealth        | |  4.2
Spellcasting   | |  2.1
Hexes          | |  3.0

Action                     || total
---------------------------++-------
  Melee: Dagger            ||    39
    Use: Scroll            ||     5
   Stab: Sleeping          ||    12
         Distracted        ||     1
 Armour: Robe              ||    21
  Dodge: Dodged            ||    16

Table legend: (Time is in decaauts)
 A = Elapsed time spent in this place.
 B = Non-inter-level travel time spent in this place.
 C = Inter-level travel time spent in this place.
 D = Time resting spent in this place.
 E = Time spent auto-exploring this place.
 F = Levels seen in this place.
 G = Mean time per level.
                   A        B        C        D        E       F      G
               +--------+--------+--------+--------+--------+-----+--------+
         Total |    998 |    977 |     21 |     89 |    644 |   2 |  499.0 |
       Dungeon |    998 |    977 |     21 |     89 |    644 |   2 |  499.0 |
               +--------+--------+--------+--------+--------+-----+--------+

Top non-repeatable levels by time:
     D:1: 602 daAuts
     D:2: 395 daAuts
